 Dungeon Crawl Stone Soup version 0.20.2-3-g29329e0561 (webtiles) character file.

1442 Alfie the Shield-Bearer (level 8, -1/69 HPs)
             Began as a Hill Orc Fighter on Nov 15, 2023.
             Slain by an orc warrior
             ... wielding a +0 dire flail
              (12 damage)
             ... on level 6 of the Dungeon.
             The game lasted 00:12:41 (4915 turns).

Alfie the Shield-Bearer (Hill Orc Fighter)          Turns: 4915, Time: 00:12:42

Health: -1/69      AC: 16    Str: 21    XL:     8   Next: 74%
Magic:  8/8        EV:  5    Int:  8    God:
Gold:   325        SH: 10    Dex: 10    Spells: 7/7 levels left

rFire    . . .     SeeInvis +   a - +0 rapier
rCold    + . .     Gourm    .   c - +0 shield
rNeg     . . .     Faith    .   v - +3 plate armour
rPois    .         Spirit   .   y - +0 helmet {SInv}
rElec    .         Reflect  .   (no cloak)
rCorr    .         Harm     .   (no gloves)
MR       .....                  (no boots)
Stlth    ..........             (no amulet)
Regen    0.3/turn               j - ring of protection from cold
MPRegen  0.2/turn               (no ring)

@: no status effects
A: no striking features
a: Convert to Beogh


You were on level 6 of the Dungeon.
You were not hungry.

You visited 1 branch of the dungeon, and saw 6 of its levels.

You collected 463 gold pieces.
You spent 138 gold pieces at shops.

Inventory:

Hand Weapons
 a - a +0 rapier (weapon)
Armour
 c - a +0 shield (worn)
 v - a +3 plate armour (worn)
 y - a +0 helmet of see invisible (worn)
Jewellery
 j - a ring of protection from cold (left hand)
Wands
 i - a wand of paralysis (24/24)
 x - a wand of clouds (4/9)
 A - a wand of confusion (16/48)
Scrolls
 e - 5 scrolls of fear
 g - a scroll of noise {unknown}
 h - a scroll of enchant weapon {unknown}
 n - a scroll of recharging
 o - a scroll of blinking {unknown}
 u - a scroll of enchant armour {unknown}
 w - a scroll of teleportation
 z - a scroll of random uselessness {unknown}
 D - a scroll of immolation {unknown}
Potions
 b - a potion of resistance {unknown}
 d - a potion of might
 k - a potion of mutation {unknown}
 m - a potion of invisibility {unknown}
 p - a potion of magic {unknown}
 r - a potion of curing {unknown}
 s - a potion of flight {unknown}
 C - 2 potions of experience {unknown}
Comestibles
 f - 3 bread rations
 l - 3 meat rations
 t - 8 fruits
 B - a royal jelly
 E - 5 chunks of flesh


   Skills:
 + Level 5.5 Fighting
 + Level 6.9 Short Blades
 + Level 5.6 Armour
 + Level 1.0 Dodging
 + Level 0.1 Stealth
 + Level 7.0 Shields


You had 7 spell levels left.
You didn't know any spells.

Dungeon Overview and Level Annotations

Branches:
Dungeon (6/15)             Temple (0/1) D:4

Altars:
Hepliaklqana
Nemelex Xobeh
Zin

Shops:
D:4 [   D:5 (


Message History

The orc warrior hits you with a dire flail!
* * * LOW HITPOINT WARNING * * *
The orc priest threatens, "By the altar or by the axe, you will meet Beogh!"
Your shield and plate armour prevent you from hitting the orc warrior.
You hit the orc warrior.
The orc warrior is lightly wounded.
You block the orc warrior's attack.
You hit the orc warrior but do no damage.
The orc warrior is lightly wounded.
The orc warrior barely misses you.
The orc priest looks satisfied for a moment.
You closely miss the orc warrior.
The orc warrior is lightly wounded.
You block the orc warrior's attack.
The orc wizard gestures wildly while chanting.
The orc wizard seems to speed up.
Your shield and plate armour prevent you from hitting the orc warrior.
The orc warrior is lightly wounded.
The orc warrior hits you with a dire flail!
You die...

.... [. ##.... ..#
#########..... ..# ............
. ... ########.... . #.# #....
. .h #W# #.... . ....###.#
##... .
........#####################..
.
...o.##(..†ooo@.....)..........
.
......>....o##################.
...#........# ## #........# #
#........# #........#
#........# #........# ........#


You could see an orc warrior, 2 orc priests and an orc wizard.

Vanquished Creatures
  A sky beast (D:6)
  A phantom (D:6)
  A black bear (D:6)
  3 centaurs
  3 bullfrogs (D:6)
  3 hounds
  A centaur zombie (D:6)
  A quasit (D:6)
  2 orc priests
  An orc wizard (D:6)
  A centaur skeleton (D:6)
  2 iguanas (D:5)
  Jessica (D:2)
  3 worker ants (D:5)
  A hound zombie (D:5)
  8 gnolls
  9 adders
  2 adder skeletons (D:4)
  2 worms (D:2)
  2 dart slugs
  2 leopard geckos
  15 orcs
  4 ball pythons
  4 giant cockroaches
  14 goblins
  12 hobgoblins
  11 jackals
  5 quokkas
  A ball python skeleton (D:4)
  2 bats
  5 frilled lizards
  A jackal skeleton (D:6)
  6 kobolds
  A quokka zombie (D:6)
  5 rats
136 creatures vanquished.

Notes
Turn   | Place    | Note
-------+----------+-------------------------------------------
     0 | D:1      | Alfie the Hill Orc Fighter began the quest for the Orb.
     0 | D:1      | Reached XP level 1. HP: 19/19 MP: 1/1
   139 | D:1      | Reached XP level 2. HP: 19/27 MP: 2/2
   826 | D:2      | Reached XP level 3. HP: 33/33 MP: 3/3
   975 | D:2      | Noticed Jessica
   989 | D:2      | Killed Jessica
   989 | D:2      | Reached XP level 4. HP: 41/41 MP: 4/4
  1393 | D:2      | Reached skill level 4 in Shields
  1532 | D:2      | Reached XP level 5. HP: 24/47 MP: 5/5
  2462 | D:3      | You fall through a shaft for 2 floors!
  2462 | D:5      | Entered Level 5 of the Dungeon
  2495 | D:5      | Noticed a centaur
  2506 | D:4      | Found Tuasig's Armour Shoppe.
  2524 | D:4      | Bought a +0 helmet of see invisible for 138 gold pieces
  2634 | D:4      | Found a staircase to the Ecumenical Temple.
  2692 | D:4      | Noticed a centaur
  2699 | D:4      | Reached XP level 6. HP: 36/53 MP: 6/6
  2784 | D:4      | Found a glowing silver altar of Zin.
  2784 | D:4      | Noticed an angel
  2838 | D:4      | Found a hazy altar of Hepliaklqana.
  3178 | D:4      | Found a sparkling altar of Nemelex Xobeh.
  3262 | D:4      | Reached skill level 5 in Shields
  3568 | D:5      | Found Areoz's Weapon Shop.
  3851 | D:5      | Reached skill level 1 in Dodging
  3851 | D:5      | Reached XP level 7. HP: 16/60 MP: 7/7
  4022 | D:5      | Reached skill level 5 in Short Blades
  4284 | D:5      | Reached skill level 5 in Fighting
  4356 | D:5      | Reached skill level 5 in Armour
  4495 | D:6      | Reached skill level 6 in Shields
  4495 | D:6      | Reached XP level 8. HP: 62/68 MP: 8/8
  4881 | D:6      | Reached skill level 7 in Shields
  4915 | D:6      | Slain by an orc warrior

Skill      XL: |  1  2  3  4  5  6  7  8 |
---------------+-------------------------+-----
Fighting       | 4 5 |  5.5
Short Blades   | 3 4 5 6 |  6.9
Shields        | 4 5 6 7 |  7.0
Armour         | 4 5 |  5.6
Dodging        | 1 |  1.0
Stealth        | |  0.1

Action                   |  1- 3 |  4- 6 |  7- 9 || total
-------------------------+-------+-------+-------++-------
Melee: Rapier            |    98 |   333 |   269 ||   700
Throw: Tomahawk          |       |     1 |     1 ||     2
  Use: Scroll            |       |     2 |     4 ||     6
       Potion            |       |     1 |     1 ||     2
  Eat: Royal jelly       |       |     4 |       ||     4
       Bread ration      |       |     1 |       ||     1
       Chunk             |       |       |     2 ||     2
Armor: Scale mail        |    45 |    63 |       ||   108
       Plate armour      |       |   166 |   157 ||   323
Dodge: Dodged            |    27 |    86 |    45 ||   158
Block: Shield            |    35 |   210 |   145 ||   390
